 Dungeon Crawl Stone Soup version 0.31-a0-366-ga77b45bd9b (webtiles) character file.

Game seed: 17697524499350232327

78440 Bnni the Marksdraconian (level 15, -7/122 (126) HPs)
             Began as a Grey Draconian Hunter on July 28, 2023.
             Was an Elder of Hepliaklqana.
             Killed from afar by a war gargoyle (47 damage)
             ... with a spray of metal splinters
             ... on level 11 of the Dungeon.
             The game lasted 00:55:07 (19618 turns).

Bnni the Marksdraconian (Grey Draconian Hunter)    Turns: 19618, Time: 00:55:08

HP:   -7/122 (126)  AC: 14    Str: 15    XL:     15   Next: 18%
MP:   20/24         EV: 16    Int: 10    God:    Hepliaklqana [****..]
Gold: 733           SH:  0    Dex: 20    Spells: 12/14 levels left

rFire   . . .        B - +8 orcbow
rCold   . . .        (shield currently unavailable)
rNeg    + . .        (body armour unavailable)
rPois   .            (helmet restricted)
rElec   .            (no cloak)
rCorr   +            (no gloves)
SInv    +            (no boots)
Will    ++++.        P - amulet of the Four Winds {rN+ Will+++ Clar}
Stlth   ++           m - ring of resist corrosion
HPRegen 0.40/turn    V - ring of see invisible
MPRegen 0.19/turn

%: clarity
@: lightly drained
A: reduced essence, AC +14, amphibious, unfitting armour, cold-blooded
a: Renounce Religion, Recall Ancestor, Ancestor Identity, Transference, Idealise


You were on level 11 of the Dungeon.
You worshipped Hepliaklqana.
Hepliaklqana was greatly pleased with you.
You visited 4 branches of the dungeon, and saw 19 of its levels.
You also visited: Ice Cave and Volcano.

You collected 3078 gold pieces.
You spent 2345 gold pieces at shops.

Inventory:

Hand Weapons
 s - a +3 demon blade of freezing
 B - a +8 orcbow (weapon)
 C - the +8 autumn katana {manifold assault}
   (You bought it in a shop on level 2 of the Orcish Mines)
 D - a +1 arbalest of freezing
Missiles
 a - a curare-tipped dart
 c - 35 poisoned darts
 N - 2 throwing nets
Armour
 g - a +1 tower shield of cold resistance
 O - a +0 buckler of cold resistance
Jewellery
 m - a ring of resist corrosion (left hand)
 A - an amulet of regeneration
 H - a +6 ring of dexterity
 P - the amulet of the Four Winds (around neck) {rN+ Will+++ Clar}
   (You found it on level 4 of the Lair of Beasts)

   [amulet of nothing]

   rN:        It protects you from negative energy.
   Clar:      It protects you from confusion, rage, mesmerisation and fear.
   Will:      It greatly increases your willpower.
 Q - a ring of flight
 R - a ring of ice
 V - a ring of see invisible (right hand)
Wands
 k - a wand of polymorph (28)
 t - a wand of flame (36)
 I - a wand of iceblast (25)
Scrolls
 b - a scroll of butterflies
 f - 2 scrolls of fog
 i - 3 scrolls of blinking
 n - 4 scrolls of enchant armour {unknown}
 o - a scroll of summoning {unknown}
 p - 4 scrolls of teleportation
 r - a scroll of torment {unknown}
 u - a scroll of poison
 x - 5 scrolls of enchant weapon
 y - a scroll of silence
 E - a scroll of revelation
 K - a scroll of immolation
Potions
 d - 2 potions of enlightenment
 e - 3 potions of cancellation
 h - 5 potions of curing
 j - 2 potions of lignification
 l - 6 potions of haste
 q - 2 potions of degeneration {unknown}
 v - 2 potions of heal wounds
 w - 3 potions of attraction
 z - a potion of ambrosia {unknown}
 F - 2 potions of berserk rage {unknown}
 G - 4 potions of might {unknown}
 L - 2 potions of mutation {unknown}
Miscellaneous
 U - a phantom mirror


   Skills:
 + Level 15.3 Fighting
 * Level 3.1 Long Blades
 - Level 18.0 Ranged Weapons
 + Level 5.9 Dodging
 - Level 0.8 Stealth
 * Level 0.0 Shields
 + Level 3.2 Transmutations
 * Level 12.3 Invocations


You had 12 spell levels left.
You knew the following spells:

 Your Spells              Type           Power      Damage    Failure   Level
w - Wereblood             Tmut           6%         N/A       16%         2

Your spell library contained the following spells:

 Spells                   Type           Power      Damage    Failure   Level
 Sting                    Tmut/Pois      12%        1d3       21%         1
 Passwall                 Tmut/Erth      2%         N/A       30%         2
 Magic Dart               Conj           0%         1d3       36%         1
 Necrotise                Necr           0%         1d4       36%         1
 Slow                     Hex            0%         N/A       36%         1
 Summon Small Mammal      Summ           0%         N/A       36%         1
 Ensorcelled Hibernation  Hex/Ice        0%         N/A       50%         2
 Poisonous Vapours        Pois/Air       0%         N/A       50%         2
 Searing Ray              Conj           0%         2d4       50%         2
 Call Canine Familiar     Summ           0%         N/A       75%         3
 Confusing Touch          Hex            0%         N/A       75%         3
 Hailstorm                Conj/Ice       0%         3d3       75%         3
 Summon Guardian Golem    Hex/Summ       0%         N/A       75%         3
 Swiftness                Air            0%         N/A       75%         3
 Tukima's Dance           Hex            0%         N/A       75%         3
 Vampiric Draining        Necr           0%         2d6       75%         3
 Anguish                  Hex/Necr       0%         N/A       98%         4
 Cause Fear               Hex            0%         N/A       98%         4
 Fulminant Prism          Conj/Hex       0%         3d5       98%         4
 Olgreb's Toxic Radiance  Pois           0%         N/A       98%         4
 Passage of Golubria      Tloc           0%         N/A       98%         4
 Summon Ice Beast         Ice/Summ       0%         N/A       98%         4
 Irradiate                Conj/Tmut      1%         3d12      99%         5
 Yara's Violent Unravell  Hex/Tmut       1%         3d3       99%         5
 Agony                    Necr           0%         N/A       100%        5
 Fireball                 Conj/Fire      0%         3d3       100%        5
 Iskenderun's Battlesphe  Conj           0%         2d6       100%        5
 Conjure Ball Lightning   Conj/Air       0%         3x3d6     100%        6
 Simulacrum               Ice/Necr       0%         N/A       100%        6
 Enfeeble                 Hex            0%         N/A       100%        7
 Orb of Destruction       Conj           0%         9d5       100%        7


Dungeon Overview and Level Annotations

Branches:
Dungeon (11/15)            Temple (1/1) D:4            Lair (5/5) D:9
 Shoals (0/4) Lair:3        Snake (0/4) Lair:3        Slime (0/5) Lair:4
    Orc (2/2) D:10            Elf (0/3) Orc:2         IceCv (visited)
Volcano (visited)

Altars:
Ashenzari
Cheibriados
Dithmenos
Elyvilon
Fedhas
Gozag
Hepliaklqana
Kikubaaqudgha
Makhleb
Nemelex Xobeh
Okawaru
Qazlal
Ru
Sif Muna
Trog
Uskayaw
Vehumet
Wu Jian
Xom
Yredelemnul
Zin
The Shining One
Jiyva
Lugonu

Shops:
D:2 ?   D:3 =   D:7 (   Orc:2 ((:!

Portals:
Hell: Lair:5
Abyss: D:7

Annotations:
D:9 2 transporters, blacky4's ghost, novice MiFi
Temple 2 transporters


Innate Abilities, Weirdness & Mutations

Your life essence is reduced to manifest your ancestor. (-10% HP)
Your dull iron-grey scales are very hard. (AC +14)
You are amphibious.
You cannot fit into any form of body armour.
You are cold-blooded and may be slowed by cold attacks.


Message History

The arrow hits the war gargoyle but does no damage.
The war gargoyle is heavily damaged.
The war gargoyle launches metal splinters at you.
The spray of metal splinters hits Tankster McGee but does no damage.
The spray of metal splinters hits you.
Tankster McGee hits the war gargoyle but does no damage.
Hepliaklqana grants Tankster McGee healing and protection!
Tankster McGee is healed somewhat.
You no longer drain nearby creatures when transferring your ancestor.
Tankster McGee blocks the war gargoyle's attack.
The boulder beetle leaps!
Tankster McGee blocks the war gargoyle's attack.
Fire: B) +8 orcbow
Press: ? - help, Shift-Dir - straight line, f/p - war gargoyle
Aim: a war gargoyle, wielding a +0 dire flail (heavily damaged, ally target, 89% to hit)
You shoot an arrow. Tankster McGee avoids your attack.
The arrow hits the war gargoyle.
The war gargoyle is heavily damaged.
Tankster McGee hits the war gargoyle with a +0 broad axe of flaming.
The war gargoyle hits Tankster McGee with a +0 dire flail!!
Unknown command.
Fire: B) +8 orcbow
Press: ? - help, Shift-Dir - straight line, f/p - war gargoyle
Aim: a war gargoyle, wielding a +0 dire flail (heavily damaged, ally target, 89% to hit)
You shoot an arrow. Tankster McGee avoids your attack.
The arrow hits the war gargoyle.
The war gargoyle is severely damaged.
The war gargoyle closely misses Tankster McGee.
The boulder beetle curls into a ball and begins rolling!
Fire: B) +8 orcbow
Press: ? - help, Shift-Dir - straight line, f/p - war gargoyle
Aim: a war gargoyle, wielding a +0 dire flail (severely damaged, ally target, 89% to hit)
You shoot an arrow. Tankster McGee avoids your attack.
The arrow hits the war gargoyle.
The war gargoyle is severely damaged.
Tankster McGee hits the war gargoyle but does no damage.
The war gargoyle launches metal splinters at you.
The spray of metal splinters hits Tankster McGee but does no damage.
The spray of metal splinters hits you!!!
You die...

##......................##....#..
.....>..##...............#..[....
........##.#.B..........## ...
#.....#..####.............
##....#..##.............##.
###..#................##
#..........9<........
##..........R........
#........#..@.......
#####...#########+######
...##...# .....9### ......#?....
.#..###..R. .##.#(..C. ##..#...°
#..#..○


You could see the friendly Tankster McGee the knight (idealised), a boulder
beetle (rolling) and a war gargoyle (catching breath, ally target).

Vanquished Creatures
  2 orc warlords (Orc:1)
  A stone giant (Volcano)
  5 hydras
  3 two-headed ogres
  2 boulder beetles
  3 death yaks (Lair:3)
  An orc high priest (Orc:2)
  Nergalle (Lair:1)
  A skyshark (Lair:5)
  A sixfirhy (Lair:5)
  A wizard (Lair:5)
  Pikel (D:5)
  An orc knight (Orc:1)
  9 orc sorcerers
  9 centaur zombies (D:10)
  4 black mambas
  A gargoyle (D:10)
  2 molten gargoyles (Volcano)
  13 elephants
  An ice statue (IceCv)
  15 cane toads
  2 orange demons (Lair:5)
  An unseen horror zombie (D:10)
  11 rime drakes
  6 komodo dragons
  An efreet (Volcano)
  A freezing wraith (IceCv)
  3 ice devils
  A kobold demonologist (D:9)
  2 polar bears
  5 trolls
  A hellwing (Lair:5)
  18 blink frogs
  4 dream sheep (Lair:3)
  A dire elephant simulacrum (IceCv)
  3 wyverns
  44 yaks
  3 basilisks
  A fire bat (Volcano)
  4 fire elementals (Volcano)
  A human (D:10)
  5 vampire mosquitoes
  8 wargs
  Menkaure (D:5)
  2 nagas (Lair:3)
  Duvessa (D:7)
  10 water moccasins
  2 hydra simulacra (IceCv)
  An acid dragon (D:6)
  5 hell hounds (Lair:5)
  29 orc warriors
  A sky beast (D:8)
  A black bear (Lair:2)
  An ice beast (D:6)
  9 ogres
  9 wolves
  4 centaurs
  3 lemures (D:5)
  A phantom (D:6)
  2 kobold brigands
  11 bullfrogs
  4 two-headed ogre simulacra (IceCv)
  2 cane toad simulacra (IceCv)
  8 scorpions
  3 gnoll sergeants
  15 wights
  Dowan (D:7)
  3 elephant simulacra (IceCv)
  8 howler monkeys
  2 electric eels (D:7)
  A lava snake (Volcano)
  18 orc priests
  A hound (D:5)
  A gnoll bouda (D:10)
  2 iguanas (D:7)
  A sleepcap (D:6)
  29 orc wizards
  9 troll simulacra (IceCv)
  Natasha (thrice) (D:2)
  A polar bear simulacrum (IceCv)
  5 spriggan simulacra (IceCv)
  A wolf simulacrum (IceCv)
  21 gnolls
  4 adders
  6 naga simulacra (IceCv)
  4 shadow imps
  7 white imps
  5 ufetubi
  A worm (D:4)
  93 orcs
  3 endoplasms
  2 giant cockroaches
  5 goblins
  3 hobgoblins
  7 jackals (D:1)
  15 kobolds
  A quokka (D:1)
  7 ball pythons
  4 bats
  5 frilled lizards
  6 rats
613 creatures vanquished.

Vanquished Creatures (collateral kills)
  A reaper (IceCv)
  The ghost of andwaal the Fighter, a journeyman DsFi of Gozag (Lair:1)
  Erolcha (Orc:2)
  2 ogre magi (Orc:2)
  A two-headed ogre (D:11)
  A boulder beetle (Lair:4)
  An orc knight (Orc:1)
  3 orc sorcerers (Orc:2)
  2 elephants (Lair:5)
  2 black mambas
  An orange demon (Lair:5)
  3 komodo dragons
  A troll (D:11)
  3 blink frogs
  2 dream sheep (Lair:3)
  A fire bat (Volcano)
  A wyvern (D:11)
  5 yaks
  A death yak simulacrum (IceCv)
  A vampire mosquito (D:9)
  A naga (Lair:3)
  A warg (Orc:2)
  2 water moccasins (Lair:5)
  A sky beast (D:7)
  5 orc warriors
  An ogre (Orc:2)
  A kobold brigand (D:8)
  2 bullfrogs
  A scorpion (D:6)
  A two-headed ogre simulacrum (IceCv)
  A wight (D:7)
  2 howler monkeys (D:9)
  An orc priest (Orc:1)
  A jelly (D:7)
  6 orc wizards
  A wolf simulacrum (IceCv)
  4 gnolls
  2 naga simulacra (IceCv)
  2 ufetubi (IceCv)
  19 orcs
  A kobold (D:7)
90 creatures vanquished.

Vanquished Creatures (others)
  An orc wizard (Orc:2)
  11 knights
  4 ancestors (D:7)
16 creatures vanquished.

Grand Total: 719 creatures vanquished

Notes
Turn   | Place    | Note
-------+----------+-------------------------------------------
     0 | D:1      | Bnni the Draconian Hunter began the quest for the Orb.
     0 | D:1      | Reached XP level 1. HP: 17/17 MP: 1/1
   379 | D:1      | Reached XP level 2. HP: 25/25 MP: 2/2
   412 | D:1      | Reached skill level 4 in Ranged Weapons
   795 | D:2      | Noticed Natasha
   806 | D:2      | Killed Natasha
   807 | D:2      | Reached XP level 3. HP: 17/31 MP: 3/3
   974 | D:2      | Found Yveczapn's Magic Scroll Shoppe.
   978 | D:2      | Bought a scroll of blinking for 75 gold pieces
  1309 | D:2      | Noticed Natasha
  1313 | D:2      | Killed Natasha
  1314 | D:2      | Reached XP level 4. HP: 38/38 MP: 4/4
  1395 | D:2      | Noticed Natasha
  1398 | D:2      | Killed Natasha
  1399 | D:2      | Reached skill level 5 in Ranged Weapons
  1513 | D:3      | Found Miraex's Jewellery Shoppe.
  1564 | D:3      | Reached XP level 5. HP: 28/46 MP: 5/5
  1915 | D:3      | Found a stormy altar of Qazlal.
  2409 | D:3      | Found a faded altar of an unknown god.
  2681 | D:4      | Found a transporter.
  2748 | D:4      | Found a transporter.
  2767 | D:4      | Found a glowing silver altar of Zin.
  2845 | D:4      | Found a staircase to the Ecumenical Temple.
  3068 | Temple   | Found a transporter.
  3068 | Temple   | Found a transporter.
  3068 | Temple   | Found a transporter.
  3068 | Temple   | Found a transporter.
  3068 | Temple   | Entered the Ecumenical Temple
  3086 | Temple   | Became a worshipper of Hepliaklqana the Forgotten
  3231 | D:4      | Reached XP level 6. HP: 38/53 MP: 6/6
  3309 | D:5      | Entered Level 5 of the Dungeon
  3331 | D:5      | Reached skill level 6 in Ranged Weapons
  3544 | D:5      | Reached skill level 5 in Fighting
  3730 | D:5      | Noticed Menkaure
  3738 | D:5      | Your scales start taking on a dull iron-grey colour.
  3738 | D:5      | Reached XP level 7. HP: 25/61 MP: 7/7
  3741 | D:5      | Killed Menkaure
  3742 | D:5      | Reached skill level 7 in Ranged Weapons
  4463 | D:5      | Noticed Pikel
  4510 | D:5      | Killed Pikel
  4511 | D:5      | Reached skill level 8 in Ranged Weapons
  4511 | D:5      | Reached XP level 8. HP: 16/71 MP: 8/8
  4725 | D:6      | Found a snail-covered altar of Cheibriados.
  4888 | D:6      | Reached skill level 9 in Ranged Weapons
  5075 | D:6      | Reached * piety under Hepliaklqana
  5084 | D:6      | Found a bloodstained altar of Trog.
  5329 | D:6      | Found a glowing golden altar of the Shining One.
  5944 | D:7      | Reached XP level 9. HP: 36/72 MP: 9/9
  6419 | D:7      | Reached skill level 10 in Ranged Weapons
  6830 | D:7      | Reached ** piety under Hepliaklqana
  6831 | D:7      | Remembered your ancestor Tankster McGee as a knight
  7011 | D:7      | Found a one-way gate to the infinite horrors of the Abyss.
  7219 | D:7      | Found a large runed translucent door.
  7219 | D:7      | Found a large runed translucent door.
  7221 | D:7      | Found a corrupted altar of Lugonu.
  7416 | D:7      | Found Vorof's Antique Weapon Shop.
  7425 | D:7      | Bought a glowing orcbow for 175 gold pieces
  7430 | D:7      | Noticed Duvessa
  7431 | D:7      | Noticed Dowan
  7435 | D:7      | Killed Duvessa
  7438 | D:7      | Killed Dowan
  7666 | D:8      | Identified the +3 longbow "Heonow" {heavy, Str+2}
  7688 | D:8      | Reached skill level 11 in Ranged Weapons
  7813 | D:8      | Reached XP level 10. HP: 52/81 MP: 10/10
  7815 | D:8      | Reached skill level 1 in Invocations
  8581 | D:9      | Reached skill level 10 in Fighting
  8592 | D:9      | Reached skill level 12 in Ranged Weapons
  8636 | D:9      | Reached *** piety under Hepliaklqana
  8645 | D:9      | Noticed a two-headed ogre
  8649 | D:9      | Noticed a two-headed ogre
  8650 | D:9      | Noticed blacky4's ghost (novice MiFi)
  8652 | D:9      | Noticed a moth of wrath
  8654 | D:9      | Found a bloodstained altar of Trog.
  8676 | D:9      | Noticed a rust devil
  8734 | D:9      | Found a transporter.
  8740 | D:9      | Found a transporter.
  8869 | D:9      | Found an iron altar of Okawaru.
  9057 | D:9      | Found a staircase to the Lair.
  9102 | D:9      | Noticed a tengu warrior
  9127 | D:10     | Entered Level 10 of the Dungeon
  9158 | D:10     | Reached XP level 11. HP: 78/90 MP: 14/14
  9163 | D:10     | Reached skill level 5 in Invocations
  9198 | D:10     | Reached skill level 13 in Ranged Weapons
  9234 | D:10     | Found a basalt altar of Yredelemnul.
  9562 | D:10     | Found a shimmering altar of Xom.
  9590 | D:10     | Found a staircase to the Orcish Mines.
 10008 | D:10     | Found a sacrificial altar of Ru.
 10083 | D:10     | Noticed a two-headed ogre
 10091 | D:10     | Killed a two-headed ogre
 10155 | D:11     | Reached **** piety under Hepliaklqana
 10221 | D:11     | Noticed a two-headed ogre
 10231 | D:11     | Killed a two-headed ogre
 10288 | D:11     | Noticed a two-headed ogre
 10290 | D:11     | Noticed a two-headed ogre
 10291 | D:11     | Killed a two-headed ogre
 10292 | D:11     | Reached skill level 14 in Ranged Weapons
 10304 | D:11     | Killed a two-headed ogre
 10305 | D:11     | Reached XP level 12. HP: 72/100 MP: 17/17
 10331 | D:11     | Noticed a stone giant
 10331 | D:11     | Noticed a boulder beetle
 10331 | D:11     | Noticed a war gargoyle
 10632 | Lair:1   | Entered Level 1 of the Lair of Beasts
 10869 | Lair:1   | Noticed Nergalle
 10878 | Lair:1   | Killed Nergalle
 10906 | Lair:1   | Found a runed translucent door.
 10906 | Lair:1   | Noticed andwaal's ghost (journeyman DsFi)
 10927 | Lair:1   | Killed andwaal's ghost
 11267 | Lair:1   | Reached skill level 15 in Ranged Weapons
 11819 | Lair:2   | Reached ***** piety under Hepliaklqana
 11954 | Lair:2   | Found a dark tunnel.
 11960 | Volcano  | Entered a volcano
 12120 | Volcano  | Found a bloodstained altar of Trog.
 12187 | Volcano  | Noticed a stone giant
 12205 | Volcano  | Killed a stone giant
 12332 | Volcano  | Reached XP level 13. HP: 109/109 MP: 20/20
 12406 | Lair:2   | Found a hide-covered altar of Uskayaw.
 12623 | Lair:2   | Found an ornate altar of the Wu Jian Council.
 12980 | Lair:3   | Reached skill level 16 in Ranged Weapons
 12989 | Lair:3   | Reached skill level 10 in Invocations
 13249 | Lair:3   | Found a staircase to the Snake Pit.
 13488 | Lair:3   | Found a staircase to the Shoals.
 14005 | Lair:4   | Found a viscous altar of Jiyva.
 14005 | Lair:4   | Found a staircase to the Slime Pits.
 14015 | Lair:4   | Found the amulet of the Four Winds {rN+ Will+++ Clar}
 14489 | Lair:5   | Entered Level 5 of the Lair of Beasts
 15369 | Lair:5   | Reached XP level 14. HP: 67/119 MP: 22/22
 15645 | Lair:5   | Reached skill level 17 in Ranged Weapons
 16491 | Lair:5   | Found a burning altar of Makhleb.
 16689 | Lair:5   | Found a gateway to Hell.
 16689 | Lair:5   | Found the +6 Majin-Bo {spellvamp, MP+6 Int+6}
 17227 | Orc:1    | Entered Level 1 of the Orcish Mines
 17279 | Orc:1    | Found a frozen archway.
 17290 | Orc:1    | Reached skill level 5 in Dodging
 17301 | Orc:1    | Learned a level 2 spell: Wereblood
 17302 | IceCv    | Entered an ice cave
 17335 | IceCv    | Found the +4 skin of Zhor {*Englaciate rC+++ SInv}
 17768 | IceCv    | Noticed a reaper
 17777 | IceCv    | Reached skill level 1 in Transmutations
 17788 | IceCv    | Killed a reaper
 17793 | IceCv    | Reached skill level 15 in Fighting
 18089 | Orc:1    | Noticed an orc warlord
 18099 | Orc:1    | Reached skill level 1 in Long Blades
 18103 | Orc:1    | Killed an orc warlord
 18163 | Orc:1    | Noticed an orc warlord
 18199 | Orc:1    | Killed an orc warlord
 18310 | Orc:1    | Identified the +1 quarterstaff "Udacw" {venom, *Noise rF+
                  | rN+ SInv}
 18575 | Orc:2    | Entered Level 2 of the Orcish Mines
 18686 | Orc:2    | Found a staircase to the Elven Halls.
 18711 | Orc:2    | Paralysed by an orc sorcerer for 3 turns
 18738 | Orc:2    | Found a runed translucent door.
 18763 | Orc:2    | Paralysed by an orc sorcerer for 5 turns
 18813 | Orc:2    | Found Epysavob's Distillery.
 18820 | Orc:2    | Reached XP level 15. HP: 126/126 MP: 24/24
 18837 | Orc:2    | Found an ancient bone altar of Kikubaaqudgha.
 18865 | Orc:2    | Noticed Erolcha
 18875 | Orc:2    | Killed Erolcha
 18879 | Orc:2    | Reached skill level 18 in Ranged Weapons
 18884 | Orc:2    | Found a radiant altar of Vehumet.
 18907 | Orc:2    | Found Imisoc's Antique Weapon Shoppe.
 18953 | Orc:2    | Bought a potion of heal wounds for 80 gold pieces
 19013 | Orc:2    | Found Kyukup's Book Shoppe.
 19018 | Orc:2    | Found Kedd's Antique Weapon Emporium.
 19033 | Orc:2    | Bought the +8 autumn katana {manifold assault} for 1616
                  | gold pieces
 19033 | Orc:2    | Found the +8 autumn katana {manifold assault}
 19519 | Orc:2    | Bought a potion of curing for 48 gold pieces
 19519 | Orc:2    | Bought 2 potions of curing for 96 gold pieces
 19537 | Orc:2    | Bought a glowing arbalest for 255 gold pieces
 19618 | D:11     | Killed from afar by a war gargoyle

Illustrated notes

Levels and vault maps discovered:
D:1:      dpeg_arrival_stone_temple_mockup, layout_basic, minivault_4,
          dreamdust_mushroom_princess
D:2:      layout_basic, serial_shops, shop, uniq_natasha
D:3:      layout_basic, general_overflow_altar,
          dilly_ecumenical_altar_fadedgnrine, serial_shops, shop,
          chequers_serial_rivers_room_b, kennysheep_pointless_box,
          kennysheep_another_room, st_stairs_14
D:4:      gammafunk_wand_slinger, layout_basic, lemuel_crystal_altar,
          minmay_temple_entry_junction, serial_rivers,
          chequers_serial_rivers_micro_e, chequers_serial_rivers_marsh,
          chequers_serial_rivers_room_b, chequers_serial_rivers_micro_d,
          chequers_serial_rivers_micro_d, due_unseen_surprise
D:5:      layout_basic, uniq_menkaure, uniq_pikel
D:6:      layout_basic, overflow_temple_1_default, nicolae_tso_carved_into_rock,
          mainiacjoe_overflow_concentric_impassable
D:7:      due_chaos_kobolds, layout_loops_corners, serial_shops, shop,
          kennysheep_doodads, uniq_duvessa
D:8:      layout_gridville, minmay_fractal_squares_diagonal_5
D:9:      layout_roguey [special_room_orc], okawaru_ov_weapons_minmay,
          gammafunk_ghost_wrathful_warriors
D:10:     layout_loops_ring, mainiacjoe_overflow_boulevard,
          nicolae_ru_path_of_blood, nicolae_yredelemnul_corpse_copse,
          erik_orc_4, grunt_decor_clamped, hangedman_abyss_or_decor_clamps
D:11:     layout_cave_pools, nicolae_rejected_hall
Temple:   hellmonk_temple_divided_pantheon
Lair:1:   layout_gridlike, gammafunk_ghost_grave, guppyfry_lair_drakes,
          serial_bayou_shore_b, uniq_nergalle
Lair:2:   layout_regular_city, enter_volcano_2, nzn_masters_of_martial_movement,
          serial_bayou_shore_a
Lair:3:   layout_loops_ring, shoals_dummy_entry, guppyfry_snake_entry_island,
          grunt_megastairs_4
Lair:4:   layout_roguey, slime_entry_1, chequers_serial_rivers_room_a
Lair:5:   evil_forest, layout_hall_layers, serial_bayou_pond_d,
          grunt_megastairs_5
Orc:1:    layout_caves, basic_altar, portal_ice_cave_rime, minmay_orc_treasury
Orc:2:    kennysheep_orc_mage_school, layout_caves, lightli_church_of_beogh

Skill      XL: |  1  2  3  4  5  6  7  8  9 10 11 12 13 14 15 |
---------------+----------------------------------------------+-----
Ranged Weapons | 4 5 6 8 9 11 12 14 15 16 17 18 | 18.0
Fighting       | 3 4 5 6 7 9 10 12 13 14 15 | 15.3
Invocations    | 4 7 9 11 12 | 12.3
Dodging        | 3 5 |  5.9
Transmutations | 2 3 |  3.2
Long Blades    | 2 3 |  3.1
Stealth        | |  0.8

Action                     |  1- 3 |  4- 6 |  7- 9 | 10-12 | 13-15 || total
---------------------------+-------+-------+-------+-------+-------++-------
  Melee: Katana            |       |       |       |       |    16 ||    16
         Tailslap          |       |       |       |       |     3 ||     3
         Punch             |       |       |       |       |     1 ||     1
   Fire: Shortbow          |   127 |   151 |   332 |       |       ||   610
         Orcbow            |       |       |    79 |   661 |  1004 ||  1744
  Throw: Dart              |       |     2 |     3 |       |     4 ||     9
   Cast: Wereblood         |       |       |       |       |     1 ||     1
 Invoke: Ancestor Identity |       |       |     1 |       |       ||     1
         Recall Ancestor   |       |       |     2 |     2 |     4 ||     8
         Ancestor Life: Kn |       |       |     1 |       |       ||     1
         Transference      |       |       |       |     1 |     5 ||     6
         Idealise          |       |       |       |     1 |     6 ||     7
  Evoke: Wand              |       |     5 |     4 |       |       ||     9
    Use: Scroll            |       |     1 |     8 |     4 |     9 ||    22
         Potion            |       |       |     1 |       |       ||     1
 Armour: Skin              |    27 |    21 |    74 |   110 |    90 ||   322
  Dodge: Dodged            |    72 |    44 |   119 |   171 |   185 ||   591

Table legend: (Time is in decaauts)
 A = Elapsed time spent in this place.
 B = Non-inter-level travel time spent in this place.
 C = Inter-level travel time spent in this place.
 D = Time resting spent in this place.
 E = Time spent auto-exploring this place.
 F = Levels seen in this place.
 G = Mean time per level.
                   A        B        C        D        E       F      G
               +--------+--------+--------+--------+--------+-----+--------+
         Total |  19249 |  18285 |    964 |   2437 |  11883 |  21 |  916.6 |
       Dungeon |  10665 |  10042 |    623 |    952 |   7363 |  11 |  969.5 |
        Temple |     36 |     27 |      9 |      0 |      0 |   1 |   36.0 |
          Lair |   5915 |   5698 |    217 |   1044 |   3609 |   5 | 1183.0 |
  Orcish Mines |   1613 |   1499 |    114 |    220 |    770 |   2 |  806.5 |
      Ice Cave |    614 |    614 |      0 |    103 |    121 |   1 |  614.0 |
       Volcano |    403 |    403 |      0 |    117 |     20 |   1 |  403.0 |
               +--------+--------+--------+--------+--------+-----+--------+

Top non-repeatable levels by time:
  Lair:5: 1840 daAuts
     D:6: 1648 daAuts
     D:5: 1397 daAuts
     D:7: 1295 daAuts
  Lair:4: 1294 daAuts
    D:10: 1044 daAuts
  Lair:1: 982 daAuts
     D:3: 968 daAuts
  Lair:3: 961 daAuts
   Orc:2: 946 daAuts
     D:9: 931 daAuts
  Lair:2: 836 daAuts
     D:4: 835 daAuts
     D:8: 795 daAuts
     D:1: 786 daAuts
